 Dungeon Crawl Stone Soup version 0.27.1-34-g3ba077fa99 (webtiles) character file.

Game seed: 14329790918215567349

10236 Delamore the Covert (level 11, -6/71 HPs)
             Began as an Octopode Brigand on Feb 11, 2022.
             Was an Initiate of Gozag.
             Mangled by a white ugly thing (13 damage)
             ... on level 9 of the Dungeon.
             The game lasted 00:19:08 (16664 turns).

Delamore the Covert (Octopode Brigand)             Turns: 16664, Time: 00:19:08

Health: -6/71      AC:  1    Str: 10    XL:     11   Next: 59%
Magic:  11/11      EV: 15    Int: 13    God:    Gozag
Gold:   404        SH:  0    Dex: 18    Spells: 10/10 levels left

rFire    + . .     SeeInvis .   O - +2 short sword (elec)
rCold    + . .     Faith    .   (no shield)
rNeg     . . .     Spirit   .   (helmet restricted)
rPois    .         Reflect  .   h - amulet of the acrobat
rElec    .         Harm     .   J - ring of protection from cold
rCorr    .         Rampage  .   u - ring of protection from fire
Will     .....                  (no ring)
Stlth    ++++++....             (no ring)
HPRegen  0.21/turn              (no ring)
MPRegen  0.12/turn              (no ring)
                                (no ring)
                                (no ring)

@: no status effects
A: almost no armour, amphibious, 8 rings, camouflage 1, gelatinous body 1,
(nimble swimmer 1), tentacles
a: Renounce Religion, Potion Petition, Call Merchant, Bribe Branch


You were on level 9 of the Dungeon.
You worshipped Gozag.
Gozag was aware of your devotion.
You visited 2 branches of the dungeon, and saw 11 of its levels.

You collected 1505 gold pieces.
You spent 185 gold pieces at shops.
You paid 916 gold pieces to Gozag.

Inventory:

Hand Weapons
 e - a +3 dagger of draining
 O - a +2 short sword of electrocution (weapon)
Missiles
 b - 34 poisoned darts
 p - 4 silver boomerangs
 q - 13 boomerangs
 r - 5 throwing nets
 v - 8 curare-tipped darts (quivered)
 N - 5 atropa-tipped darts
Jewellery
 h - an amulet of the acrobat (around mantle)
 u - a ring of protection from fire (right tentacle)
 J - a ring of protection from cold (left tentacle)
Wands
 c - a wand of mindburst (3)
 t - a wand of acid (1)
 D - a wand of digging (2)
 G - a wand of flame (9)
 H - a wand of polymorph (7)
 K - a wand of iceblast (4)
Scrolls
 i - a scroll of torment
 l - 2 scrolls of vulnerability
 m - 3 scrolls of teleportation
 o - a scroll of silence
 s - a scroll of summoning
 w - a scroll of fog
 x - 3 scrolls of magic mapping
 y - 2 scrolls of noise
 A - 2 scrolls of amnesia
 I - a scroll of enchant weapon
 L - a scroll of brand weapon
 M - a scroll of enchant armour
Potions
 d - 4 potions of curing
 k - a potion of mutation {unknown}
 n - a potion of haste
 z - 2 potions of lignification
 C - a potion of heal wounds {unknown}
 E - a potion of berserk rage {unknown}
 F - a potion of flight


   Skills:
 - Level 5.0 Fighting
 + Level 10.2 Short Blades
 + Level 7.2 Throwing
 - Level 5.0 Dodging
 + Level 12.1 Stealth
 - Level 4.0 Shields
 + Level 7.6 Evocations


You had 10 spell levels left.
You didn't know any spells.
Your spell library contained the following spells:

 Spells                   Type           Power      Damage    Failure   Level
 Blink                    Tloc           N/A        N/A       43%         2
 Animate Dead             Necr           0%         N/A       97%         4
 Manifold Assault         Tloc           0%         N/A       100%        5
 Haunt                    Necr/Summ      0%         N/A       100%        7
 Storm Form               Tmut/Air       0%         N/A       100%        7
 Infestation              Necr           0%         N/A       100%        8


Dungeon Overview and Level Annotations

Branches:
Dungeon (10/15)            Temple (1/1) D:5            Lair (0/6) D:9
    Orc: D:9-12

Altars:
Elyvilon
Fedhas
Gozag
Hepliaklqana
Kikubaaqudgha
Nemelex Xobeh
Qazlal
Ru
Sif Muna
Uskayaw
Vehumet
Wu Jian
Yredelemnul
Zin
The Shining One

Shops:
D:5 ?   D:7 *   D:9 =

Annotations:
D:5 exclusion: oklob plant


Innate Abilities, Weirdness & Mutations

You cannot wear most types of armour.
You are amphibious.
You can wear up to eight rings at the same time.
Your skin changes colour to match your surroundings (Stealth+).
Your rubbery body absorbs attacks. (AC +1, EV +1)
((You are camouflaged near water. (Stealth+)))
You have tentacles for arms and can constrict up to eight enemies at once.


Message History

The wyvern is distracted by your dazzling golden aura.
There is a stone staircase leading up here.
You climb upwards.
There is a stone staircase leading down here.
You start resting.
HP restored.
You climb downwards.
The white ugly thing closely misses you.
There is a stone staircase leading up here.
The white ugly thing barely misses you. The acid dragon spits acid at you.
The splash of acid hits you.
You are splashed with acid!
You climb upwards.
There is a stone staircase leading down here.
You hit the white ugly thing but do no damage.
Your grab misses the white ugly thing. The white ugly thing gores you!
The white ugly thing freezes you! You resist.
You hit the white ugly thing. You grab the white ugly thing.
The white ugly thing is lightly wounded.
You constrict the white ugly thing, but do no damage.
You hit the white ugly thing.
Lightning courses through the white ugly thing!
The white ugly thing is moderately wounded.
You constrict the white ugly thing. The white ugly thing gores you!
* * * LOW HITPOINT WARNING * * *
The white ugly thing freezes you! You resist.
* * * LOW HITPOINT WARNING * * *
Press: ? - help, v - describe, . - travel A stone staircase leading down, spattered with blood.
Unknown command.
Okay, then.
Okay, then.
Okay, then.
Aiming: Mindburst
Press: ? - help, Shift-Dir - straight line, f - white ugly thing
Aim: a white ugly thing (moderately wounded, constricted by you, chance to affect: 75%)
The white ugly thing's mind is blasted!!
You constrict the white ugly thing. The white ugly thing gores you!
You die...
Your body crumbles into a pile of gold.

#..........### #.#####.##
#.........)# #.......#.
######'##########.'######
#.## #≈≈.P♣♣♣P.≈≈###
#..###≈≈...P..P≈≈...
######.##...P♣♣.♣♣PP.##.
#...........♣♣..P♣♣..###
#.........♣.♣.....♣.♣#
#......@..♣...._....♣###
#......u..♣.♣P...P♣.♣...
#.........P.♣♣..P♣♣.P...
#..........PP♣♣)♣♣P.....
#.........≈≈...P..P≈≈...
#.........≈≈..♣♣♣..≈≈...
#..........#####........
#..........# #........
###.##.>#### #........


You could see a white ugly thing.

Vanquished Creatures
  Harold (D:6)
  A two-headed ogre (D:10)
  Pikel (D:9)
  The ghost of lasso the Conjurer, a novice GnCj (D:5)
  A cyclops (D:10)
  The ghost of hitsuchi the Insei, a novice OpFi (D:4)
  Maggie (D:7)
  A komodo dragon (D:10)
  Prince Ribbit (D:7)
  A troll (D:10)
  11 yaks
  A human (D:8)
  3 water moccasins
  A black bear (D:5)
  4 sky beasts
  An orc warrior (D:9)
  5 necrophages
  4 ogres
  2 lemures (D:9)
  5 centaurs
  3 bullfrogs
  A wyvern zombie (D:7)
  5 scorpions
  A gnoll sergeant (D:5)
  A wyvern skeleton (D:7)
  A water moccasin skeleton (D:4)
  A howler monkey (D:10)
  5 wights
  3 electric eels (D:7)
  A human zombie (D:7)
  7 centaur zombies
  A jelly (D:5)
  4 hounds
  7 orc priests
  A bullfrog skeleton (D:7)
  2 centaur skeletons
  2 gnoll shamans (D:5)
  2 iguanas (D:5)
  11 orc wizards
  Ijyb (D:4)
  Natasha (thrice) (D:3)
  2 killer bee zombies
  A hound skeleton (D:5)
  2 howler monkey zombies
  14 gnolls
  3 howler monkey skeletons
  10 adders
  A shadow imp (D:8)
  2 worms (D:2)
  9 dart slugs
  41 orcs
  8 endoplasms
  2 giant cockroaches
  11 goblins
  6 hobgoblins
  3 jackals (D:1)
  9 kobolds
  A quokka (D:2)
  6 ball pythons
  9 bats
  6 frilled lizards
  A goblin skeleton (D:8)
  A rat (D:1)
258 creatures vanquished.

Vanquished Creatures (others)
  A bush (D:9)
  A butterfly (D:9)
  A plant (D:5)
3 creatures vanquished.

Grand Total: 261 creatures vanquished

Notes
Turn   | Place    | Note
-------+----------+-------------------------------------------
     0 | D:1      | Delamore the Octopode Brigand began the quest for the Orb.
     0 | D:1      | Reached XP level 1. HP: 14/14 MP: 1/1
   136 | D:1      | Reached XP level 2. HP: 10/19 MP: 2/2
   341 | D:1      | Reached skill level 6 in Stealth
   527 | D:1      | Reached XP level 3. HP: 24/24 MP: 3/3
   938 | D:2      | Found an ancient bone altar of Kikubaaqudgha.
  1027 | D:2      | Found a faded altar of an unknown god.
  1320 | D:2      | Reached XP level 4. HP: 29/29 MP: 4/4
  1336 | D:2      | Reached skill level 7 in Stealth
  1578 | D:2      | You fall into a shaft and drop 1 floor!
  1582 | D:3      | Reached XP level 5. HP: 34/34 MP: 5/5
  1647 | D:3      | Reached skill level 8 in Stealth
  2499 | D:3      | Noticed Natasha
  2511 | D:3      | Killed Natasha
  2511 | D:3      | Noticed Natasha
  2518 | D:3      | Killed Natasha
  2800 | D:3      | Reached XP level 6. HP: 29/39 MP: 6/6
  3044 | D:3      | Noticed Natasha
  3052 | D:3      | Killed Natasha
  3397 | D:3      | Reached skill level 9 in Stealth
  3832 | D:4      | You fall into a shaft and drop 2 floors!
  3929 | D:6      | Reached XP level 7. HP: 41/45 MP: 7/7
  3984 | D:5      | Entered Level 5 of the Dungeon
  3984 | D:5      | You fall into a shaft and drop 3 floors!
  3988 | D:7      | Found Yffi Wips's General Store.
  4051 | D:8      | Reached skill level 10 in Stealth
  4147 | D:8      | Reached skill level 5 in Short Blades
  4502 | D:7      | Bought a scroll of identify for 32 gold pieces
  4507 | D:7      | Identified the +3 ring mail of the Harvest {Int+3 Dex+2}
  4751 | D:4      | Reached XP level 8. HP: 50/50 MP: 8/8
  4809 | D:4      | Found a runed translucent door.
  4812 | D:4      | Noticed hitsuchi's ghost (novice OpFi)
  5070 | D:4      | Noticed Ijyb
  5366 | D:4      | Killed Ijyb
  5764 | D:5      | Found a blossoming altar of Fedhas.
  5777 | D:5      | Noticed an oklob plant
  5911 | D:5      | Found a staircase to the Ecumenical Temple.
  5918 | D:5      | Reached skill level 1 in Evocations
  6143 | D:5      | You fall into a shaft and drop 2 floors!
  6715 | Temple   | Entered the Ecumenical Temple
  6738 | Temple   | Became a worshipper of Gozag Ym Sagoz the Greedy
  6868 | D:5      | Found Lamupulo's Magic Scroll Shoppe.
  6874 | D:5      | Bought a scroll of identify for 20 gold pieces
  6874 | D:5      | Bought a scroll of fog for 20 gold pieces
  6874 | D:5      | Bought a scroll of magic mapping for 35 gold pieces
  6874 | D:5      | Bought a scroll of noise for 10 gold pieces
  6931 | D:5      | Reached XP level 9. HP: 33/54 MP: 9/9
  7351 | D:5      | Noticed lasso's ghost (novice GnCj)
  7355 | D:5      | Found a runed translucent gate.
  7355 | D:5      | Found a runed translucent gate.
  7355 | D:5      | Found a runed translucent gate.
  8079 | D:5      | Bought a scroll of identify for 20 gold pieces
  8135 | D:6      | Identified the +12 whip "Nuasesig" {vorpal, *Rage Str+4
                  | Int+4}
  9177 | D:7      | Bought a potion of flight for 48 gold pieces
  9590 | D:7      | Noticed Maggie
  9595 | D:7      | Killed Maggie
  9596 | D:7      | Reached skill level 5 in Throwing
  9596 | D:7      | Reached skill level 5 in Evocations
  9671 | D:7      | Reached skill level 5 in Dodging
  9736 | D:7      | Found an ancient bone altar of Kikubaaqudgha.
  9743 | D:7      | Reached XP level 10. HP: 60/60 MP: 10/10
 10082 | D:7      | Noticed Prince Ribbit
 10085 | D:7      | Killed Prince Ribbit
 10086 | D:7      | Reached skill level 10 in Short Blades
 10716 | D:7      | Noticed Harold
 10785 | D:6      | Killed Harold
 10786 | D:6      | Reached skill level 1 in Shields
 12165 | D:8      | Found a runed translucent door.
 12169 | D:8      | Found a basalt altar of Yredelemnul.
 12961 | D:9      | Reached skill level 11 in Stealth
 13283 | D:9      | Found a white marble altar of Elyvilon.
 13317 | D:9      | Reached XP level 11. HP: 51/69 MP: 11/11
 13457 | D:9      | Found a staircase to the Lair.
 13513 | D:9      | Noticed Pikel
 14014 | D:9      | Killed Pikel
 14472 | D:10     | Entered Level 10 of the Dungeon
 14482 | D:10     | Noticed a cyclops
 14492 | D:10     | Killed a cyclops
 14503 | D:10     | Noticed a two-headed ogre
 14781 | D:5      | Killed lasso's ghost
 14782 | D:5      | Reached skill level 5 in Fighting
 15220 | D:4      | Killed hitsuchi's ghost
 15912 | D:10     | Killed a two-headed ogre
 15913 | D:10     | Reached skill level 12 in Stealth
 16427 | D:10     | Noticed a white ugly thing
 16664 | D:9      | Mangled by a white ugly thing

Illustrated notes

Levels and vault maps discovered:
D:1:      dpeg_arrival_round_a, layout_loops_ring, item_on_display_a
D:2:      layout_loops_corners, dreamdust_ecumenical_altar_angels_and_demons,
          basic_altar, kennysheep_crisscross, minmay_stone_trees_small,
          minmay_tetromino_t4
D:3:      layout_rooms, minmay_misc_feat_pillars,
          minmay_misc_feat_secret_circle, minmay_misc_feat_rows, uniq_natasha
D:4:      layout_loops_ring, ebering_ghost_sewer_d, uniq_ijyb
D:5:      minmay_octagon_keep, layout_rooms, tgw_fedhas,
          minmay_temple_entry_large_hall, gammafunk_ghost_split, serial_shops,
          nicolae_shop_trees, kennysheep_pointless_box, item_on_display_a
D:6:      layout_rooms, feat_on_display
D:7:      kennysheep_slugbush, layout_gridville,
          lemuel_mausoleum_altar_kikubaaqudgha, serial_shops,
          nicolae_stop_n_shop_2, minmay_misc_feat_tiny, uniq_prince_ribbit1,
          uniq_harold, uniq_maggie
D:8:      layout_loops_ring, dk_yredelemnul_ordeal
D:9:      layout_roguey, nicolae_elyvilon_peaceful_grove, lair_entry_dummy,
          uniq_pikel
D:10:     minmay_thinvault, layout_stronghold, minmay_door_square,
          hangedman_decor_clover_reticule
Temple:   eino_narrow_crystal_temple

Skill      XL: |  1  2  3  4  5  6  7  8  9 10 11 |
---------------+----------------------------------+-----
Stealth        | 6 7 8 9 10 11 12 | 12.1
Short Blades   | 3 4 6 8 9 10 | 10.2
Evocations     | 3 5 6 7 |  7.6
Dodging        | 3 5 |  5.0
Throwing       | 3 5 6 7 |  7.2
Shields        | 3 4 |  4.0
Fighting       | 4 5 |  5.0

Action                   |  1- 3 |  4- 6 |  7- 9 | 10-12 || total
-------------------------+-------+-------+-------+-------++-------
Melee: Dagger            |    64 |   113 |   285 |   299 ||   761
       Constrict         |    10 |    23 |    47 |    29 ||   109
       Tentacles         |     8 |    21 |    60 |    81 ||   170
       Short sword       |       |       |       |    44 ||    44
Throw: Dart              |       |     7 |     3 |    23 ||    33
       Throwing net      |       |       |       |     1 ||     1
Invok: Call Merchant     |       |       |       |     1 ||     1
Evoke: Wand              |       |       |       |     8 ||     8
  Use: Scroll            |       |     4 |     5 |     7 ||    16
       Potion            |       |       |     1 |     2 ||     3
 Stab: Sleeping          |    23 |    14 |    33 |    20 ||    90
       Distracted        |     1 |     1 |     2 |     2 ||     6
Armor: Skin              |     3 |     6 |    11 |     8 ||    28
Dodge: Dodged            |    16 |    77 |   132 |   151 ||   376
